AoeStats
← zqllqaa098

Four Lakes

509739996Analyzed
1v1 RM · 5d ago on Sep 27, 2026· 29m 16s· 2 players
Game mode
Random Map
Map size
Tiny (2 player)
Population
200
Speed
Normal
Resources
Standard
Victory
Conquest
Starting age
Dark Age
Ending age
Imperial Age
RankedLock teamsTeams togetherTeam positionsShared explorationLock speedFull tech treeHidden civsTurbo modeCheats
Victory
Defeat
🇮🇳 Mongols · India
1151
+16
🇦🇷 Berbers · Argentina
1146
-16
MILEIGATO
6:37 Loom
10:14 Feudal Age
10:46 Double-Bit Axe
17:22 Wheelbarrow
20:31 Castle Age
18:24 Horse Collar
18:39 Fishing Lines
19:40 Gold Mining
20:28 Bloodlines
20:44 Forging
20:40 Scale Barding Armor
25:53 Bow Saw
25:20 Elite Skirmisher
25:57 Fletching
26:07 Padded Archer Armor
27:16 Thumb Ring
zqllqaa098
0:40 Loom
11:09 Feudal Age
11:42 Double-Bit Axe
11:46 Fishing Lines
14:19 Horse Collar
16:13 Bloodlines
20:30 Castle Age
19:14 Gold Mining
20:23 Fletching
20:36 Padded Archer Armor
21:18 Bodkin Arrow
20:45 Light Cavalry
22:15 Gold Shaft Mining
21:53 Bow Saw
21:48 Gillnets
22:11 Husbandry
23:09 Scale Barding Armor
26:05 Wheelbarrow
27:39 Thumb Ring
28:19 Ballistics
28:43 Town Watch
29:59 Leather Archer Armor
Connection lost

Rejoining the realm…

Still unreachable

The connection could not be restored.

Session expired

The server has moved on; the page needs a fresh start.